 Dungeon Crawl Stone Soup version 0.20-b1-2-gc5a9893 (webtiles) character file.

3171 ChaseSP the Cleaver (level 9, -8/75 HPs)
             Began as a Minotaur Fighter on May 23, 2017.
             Was a Follower of Okawaru.
             Mangled by a two-headed ogre
             ... wielding a +0 giant spiked club
              (9 damage)
             ... on level 8 of the Dungeon.
             The game lasted 00:12:48 (6024 turns).

ChaseSP the Cleaver (Minotaur Fighter)              Turns: 6024, Time: 00:12:48

Health: -8/75      AC: 16    Str: 21    XL:     9   Next: 63%
Magic:  8/8        EV:  8    Int:  5    God:    Okawaru [*.....]
Gold:   294        SH:  0    Dex: 13    Spells: 8/8 levels left

rFire    . . .     SeeInvis .   C - +0 battleaxe
rCold    + . .     Gourm    .   (shield currently unavailable)
rNeg     + . .     Faith    .   p - +0 plate armour
rPois    .         Spirit   .   (helmet restricted)
rElec    .         Reflect  .   t - +2 cloak
rCorr    .         Harm     +   (no gloves)
MR       .....                  (no boots)
Stlth    ..........             u - amulet of harm
Regen    0.3/turn               j - ring of protection from cold
MPRegen  0.2/turn               g - ring of positive energy

@: no status effects
A: retaliatory headbutt, horns 2
a: Heroism, Renounce Religion


You were on level 8 of the Dungeon.
You worshipped Okawaru.
Okawaru was aware of your devotion.
You were not hungry.

You visited 2 branches of the dungeon, and saw 9 of its levels.

You collected 294 gold pieces.

Inventory:

Hand Weapons
 c - a +0 morningstar
 w - a +1 flail of protection
 C - a +0 battleaxe (weapon)
Missiles
 A - 43 bolts
Armour
 p - a +0 plate armour (worn)
 s - a +0 chain mail
 t - a +2 cloak (worn)
Jewellery
 g - a ring of positive energy (right hand)
 j - a ring of protection from cold (left hand)
 k - an uncursed ring of fire
 u - an amulet of harm (around neck)
Wands
 h - a wand of confusion (19/48)
 l - a wand of confusion (7/48)
 F - a wand of paralysis (16/24)
Scrolls
 a - a scroll of remove curse
 e - 5 scrolls of identify {unknown}
 o - 5 scrolls of teleportation
 q - a scroll of blinking
 r - 2 scrolls of magic mapping {unknown}
 y - a scroll of random uselessness {unknown}
 z - a scroll of recharging
 E - a scroll of amnesia {unknown}
Potions
 d - a potion of might
 i - 3 potions of curing
 m - 2 potions of heal wounds {unknown}
 n - a potion of ambrosia {unknown}
 v - a potion of degeneration {unknown}
 x - 2 potions of flight {unknown}
 D - a potion of invisibility {unknown}
Comestibles
 b - 3 meat rations
 f - 4 bread rations
 B - 2 fruits
 G - a chunk of flesh


   Skills:
 - Level 5.8 Fighting
 * Level 12.8 Axes
 + Level 6.7 Armour
 + Level 4.7 Dodging
   Level 5.0 Shields


You had 8 spell levels left.
You didn't know any spells.

Dungeon Overview and Level Annotations

Branches:
Dungeon (8/15)             Temple (1/1) D:4
   Lair: D:8-11

Altars:
Ashenzari
Cheibriados
Dithmenos
Elyvilon
Fedhas
Gozag
Hepliaklqana
Kikubaaqudgha
Makhleb
Nemelex Xobeh
Okawaru
Qazlal
Ru
Sif Muna
Trog
Uskayaw
Vehumet
Yredelemnul
Zin
The Shining One

Shops:
D:6 }   D:7 (%=


Innate Abilities, Weirdness & Mutations

You reflexively headbutt those who attack you in melee.
You have a pair of horns on your head.


Message History

The orc warrior is heavily wounded.
You slash the orc!
You kill the orc!
Okawaru accepts your kill.
Your plate armour prevents you from hitting the orc warrior.
Your headbutt misses the orc warrior.
The orc warrior is heavily wounded.
You hit the two-headed ogre. The orc warrior closely misses you.
The two-headed ogre hits you with a giant spiked club!!
The two-headed ogre hits you with a giant club.
Unknown command.
You hit the two-headed ogre but do no damage.
The two-headed ogre is lightly wounded.
Your plate armour prevents you from hitting the orc warrior.
The orc warrior hits you with a dire flail of crushing!
* * * LOW HITPOINT WARNING * * *
x2 The two-headed ogre hits you with a giant spiked club.
* * * LOW HITPOINT WARNING * * *
The two-headed ogre hits you with a giant club!
You die...

### #....# #....#
#....#
#....###########
#.....#
#........)......
#.....#
#...............
#.....
#...............
#)รท.............
#
#.)........#####
.##..###'#......#
......O@.#......#
......)o.+......#
.##..##..#......#
#. #..#......# ..
#..######.. ..
#... .. # #..#
#+##


You could see a two-headed ogre and an orc warrior.

Vanquished Creatures
  Pikel (D:6)
  A deep elf mage (D:6)
  Sigmund (D:2)
  Edmund (D:4)
  A sky beast (D:7)
  An orc warrior (D:7)
  2 slaves (D:6)
  2 ogres
  4 centaurs
  Blork the orc (D:4)
  A bullfrog (D:7)
  4 scorpions
  2 howler monkeys
  3 crimson imps
  3 jellies (D:5)
  2 hounds
  An orc priest (D:5)
  6 orc wizards
  Crazy Yiuf (D:3)
  7 worker ants
  Ijyb (D:4)
  Terence (D:2)
  An iguana (D:4)
  3 hound zombies
  2 hound skeletons (D:7)
  Robin (D:3)
  A gnoll (D:1)
  5 adders
  2 oozes
  2 adder skeletons
  2 worms
  2 dart slugs
  3 leopard geckos (D:4)
  18 orcs
  6 bats
  5 giant cockroaches
  16 goblins
  6 hobgoblins
  5 jackals
  6 kobolds
  3 quokkas
  5 frilled lizards
  A leopard gecko skeleton (D:4)
  6 rats
148 creatures vanquished.

Notes
Turn   | Place    | Note
-------+----------+-------------------------------------------
     0 | D:1      | ChaseSP the Minotaur Fighter began the quest for the Orb.
     0 | D:1      | Reached XP level 1. HP: 19/19 MP: 0/0
   191 | D:1      | Reached skill level 3 in Axes
   191 | D:1      | Reached XP level 2. HP: 10/27 MP: 1/1
   469 | D:1      | Reached skill level 4 in Axes
   508 | D:1      | Reached XP level 3. HP: 30/33 MP: 2/2
   913 | D:2      | Found a faded altar of an unknown god.
   943 | D:2      | Found a white marble altar of Elyvilon.
  1204 | D:2      | Noticed Sigmund
  1215 | D:2      | Killed Sigmund
  1215 | D:2      | Reached skill level 6 in Axes
  1215 | D:2      | Reached XP level 4. HP: 20/40 MP: 3/3
  1215 | D:2      | Reached XP level 5. HP: 23/46 MP: 4/4
  1515 | D:2      | Noticed Terence
  1523 | D:2      | Killed Terence
  1523 | D:2      | Reached skill level 7 in Axes
  1579 | D:3      | Noticed Robin
  1597 | D:3      | Killed Robin
  1645 | D:3      | Reached XP level 6. HP: 52/52 MP: 5/5
  1691 | D:3      | Found a runed door.
  1714 | D:3      | Noticed Crazy Yiuf
  1725 | D:3      | Killed Crazy Yiuf
  1836 | D:3      | Found a glowing golden altar of the Shining One.
  2078 | D:3      | Found a burning altar of Makhleb.
  2343 | D:4      | Found a staircase to the Ecumenical Temple.
  2352 | Temple   | Entered the Ecumenical Temple
  2752 | D:4      | Noticed Edmund
  2765 | D:4      | Killed Edmund
  2765 | D:4      | Reached skill level 8 in Axes
  2765 | D:4      | Reached skill level 5 in Shields
  2775 | D:4      | Found a shattered altar of Ashenzari.
  2859 | D:4      | Reached XP level 7. HP: 58/58 MP: 6/6
  2878 | D:4      | Noticed Ijyb
  2885 | D:4      | Killed Ijyb
  3073 | D:4      | Found a glowing golden altar of the Shining One.
  3114 | D:4      | Noticed Blork the orc
  3121 | D:4      | Killed Blork the orc
  3148 | D:4      | Reached skill level 9 in Axes
  3434 | D:5      | Entered Level 5 of the Dungeon
  3530 | D:5      | Found a shadowy altar of Dithmenos.
  3641 | D:5      | Reached skill level 5 in Fighting
  3658 | D:5      | Reached skill level 10 in Axes
  3658 | D:5      | Reached XP level 8. HP: 21/68 MP: 7/7
  4168 | D:5      | Found a sparkling altar of Nemelex Xobeh.
  4198 | D:6      | Found Gelil's Gadget Shop.
  4223 | D:6      | Reached skill level 1 in Dodging
  4465 | D:6      | Noticed Pikel
  4480 | D:6      | Killed Pikel
  4480 | D:6      | Reached skill level 11 in Axes
  4480 | D:6      | Reached skill level 5 in Armour
  4977 | D:6      | Noticed a deep elf mage
  4986 | D:6      | Killed a deep elf mage
  4986 | D:6      | Reached XP level 9. HP: 46/75 MP: 8/8
  5019 | D:7      | Found a blossoming altar of Fedhas.
  5019 | D:7      | Found Hibef's Weapon Emporium.
  5048 | D:7      | Reached skill level 12 in Axes
  5282 | D:7      | Found Mukkyudism's Jewellery Shop.
  5348 | D:7      | Found an iron altar of Okawaru.
  5359 | D:7      | Found a deep blue altar of Sif Muna.
  5363 | D:7      | Became a worshipper of Warmaster Okawaru
  5427 | D:7      | Found Exkupt's Food Emporium.
  6016 | D:8      | Noticed a two-headed ogre
  6020 | D:8      | Reached * piety under Okawaru
  6024 | D:8      | HP: 1/75 [two-headed ogre/giant spiked club (7)]
  6024 | D:8      | Mangled by a two-headed ogre

Skill      XL: |  1  2  3  4  5  6  7  8  9 |
---------------+----------------------------+-----
Axes           | 3 4 6 7 8 10 11 12 | 12.8
Shields        | 4 5 |  5.0
Fighting       | 5 |  5.8
Armour         | 5 6 |  6.7
Dodging        | 3 4 |  4.7

Action                   |  1- 3 |  4- 6 |  7- 9 || total
-------------------------+-------+-------+-------++-------
Melee: War axe           |    90 |   118 |   179 ||   387
       Headbutt          |     5 |    18 |    37 ||    60
       Battleaxe         |       |       |    38 ||    38
Evoke: Wand              |       |     3 |     1 ||     4
  Use: Scroll            |     3 |     4 |     1 ||     8
       Potion            |     1 |       |     3 ||     4
 Stab: Confused          |       |     2 |     1 ||     3
  Eat: Chunk             |     1 |     5 |    11 ||    17
Armor: Scale mail        |    38 |    13 |       ||    51
       Leather armour    |     7 |       |       ||     7
       Chain mail        |       |    31 |    45 ||    76
       Plate armour      |       |       |    85 ||    85
Dodge: Dodged            |    26 |    24 |    43 ||    93
Block: Shield            |    44 |    49 |    91 ||   184
